Map: Dreamcatcher LE

Players

llllllllllll

  • Race: Terran Terran
  • League: Grandmaster
  • Spawn Location: 5:00

LiquidMaNa (MaNa) - Winner!

  • Race: Protoss Protoss
  • League: Grandmaster
  • Spawn Location: 11:00

VOD

Have the link to the VOD?

Description

Time

  • Played on: July 30, 2018, 10:43 a.m.
  • Length: 10:04
Show
View Real Time Build Order
Export as new Build Order

llllllllllll Terran 

Build Orders: Cyclone Opening, Reaper Expand 

Get SALT Encoding   

  12  0:00  SCV  
  13  0:12  SCV  
  14  0:17  Supply Depot  
  14  0:24  SCV  
  14  0:27  Refinery  
  15  0:39  SCV  
  16  0:44  Barracks  
  16  0:51  SCV  
  17  1:03  SCV  
  18  1:15  SCV  
  19  1:31  Orbital Command, Reaper  
  20  1:47  Command Center  
  20  1:59  Factory  
  20  2:00  SCV  
  21  2:05  Barracks Reactor  
  21  2:10  Supply Depot  
  21  2:15  SCV  
  21  2:19  Refinery  
  22  2:28  SCV  
  23  2:40  SCV  
  23  2:41  Marine x2  
  23  2:43  Cyclone  
  29  2:52  SCV  
  30  2:59  Marine  
  30  3:01  Starport  
  31  3:07  Marine, SCV  
  31  3:08  Orbital Command  
  33  3:19  Marine, Cyclone  
  36  3:23  SCV  
  38  3:27  Supply Depot  
  39  3:34  SCV  
  39  3:35  Marine, SCV  
  39  3:37  Marine  
  42  3:42  Medivac  
  43  3:50  SCV x2  
  43  3:54  Bunker  
  45  4:02  SCV  
  46  4:06  SCV  
  46  4:08  Factory Tech Lab  
  47  4:10  Marine x2, Supply Depot  
  47  4:14  SCV  
  47  4:15  Viking  
  52  4:21  Barracks, SCV  
  53  4:26  Engineering Bay, SCV  
  53  4:31  Marine x2  
  54  4:33  SCV  
  57  4:40  Siege Tank  
  57  4:45  Supply Depot  
  60  4:46  Supply Depot  
  60  4:49  Marine x2  
  62  4:53  Missile Turret  
  62  4:55  Terran Infantry Weapons Level 1  
  62  4:56  Missile Turret  
  60  5:02  SCV  
  60  5:05  Starport Tech Lab  
  60  5:06  SCV  
  62  5:14  SCV  
  62  5:18  SCV  
  64  5:25  Marine, Stimpack  
  64  5:26  SCV  
  66  5:29  Command Center  
  66  5:30  SCV  
  66  5:34  Marine x2  
  69  5:35  Starport Reactor, Factory Reactor  
  69  5:38  SCV  
  70  5:42  SCV  
  70  5:49  Marine  
  71  5:50  SCV  
  71  5:52  Marine, Factory Reactor  
  71  5:53  Viking  
  71  5:55  SCV  
  76  6:03  SCV  
  69  6:07  SCV  
  69  6:09  Marine  
  61  6:12  Marine x2  
  61  6:15  Refinery, SCV  
  61  6:17  Refinery  
  64  6:19  Barracks, SCV  
  65  6:27  SCV  
  65  6:31  SCV  
  63  6:35  Starport Reactor, Widow Mine x2  
  63  6:36  Marine x2, Marauder  
  63  6:39  SCV  
  71  6:43  SCV  
  72  6:49  Terran Infantry Armor Level 1  
  72  6:51  SCV  
  73  6:55  SCV  
  73  6:57  Barracks  
  73  6:58  Supply Depot x2, Orbital Command  
  73  7:01  Barracks, Marine x2  
  74  7:02  Marine  
  74  7:03  SCV  
  82  7:08  Widow Mine x2  
  82  7:11  SCV  
  82  7:15  Medivac x2, SCV  
  88  7:19  Marine  
  88  7:20  Marine, Marauder  
  88  7:21  Supply Depot  
  88  7:22  Supply Depot  
  92  7:36  Marine  
  72  7:37  Marine x2  
  72  7:41  Marauder  
  72  7:42  Widow Mine x2  
  73  7:53  Marine  
  73  7:54  Marine x2  
  73  7:55  Marine  
  67  8:02  Marine  
  67  8:03  Marauder  
  68  8:08  SCV  
  68  8:09  SCV  
  68  8:11  Marine x2  
  70  8:13  Marine x2  
  70  8:19  Marine  
  72  8:20  SCV  
  72  8:24  Marauder, Widow Mine x2  
  77  8:27  Supply Depot  
  77  8:29  Marine x2  
  77  8:30  Marine  
  77  8:31  Marine  
  79  8:37  Marine  
  79  8:39  SCV  
  79  8:41  Orbital Command  
  79  8:45  Marine  
  79  8:47  SCV  
  82  8:50  Missile Turret, Barracks Tech Lab x2  
  82  8:52  Barracks Reactor, SCV  
  80  8:59  Marine x2  
  80  9:00  Orbital Command  
  80  9:02  Widow Mine x2  
  86  9:03  Marauder  
  88  9:13  Marauder x2  
  92  9:17  Marine  
  92  9:21  Marine  
  88  9:24  Marine  
  80  9:33  Marine x2  
  80  9:34  Marauder  
  80  9:36  Marine, Marauder  
  85  9:38  Marine  
  85  9:43  Marauder  
  96  9:55  Supply Depot  
Show
View Real Time Build Order
Export as new Build Order

LiquidMaNa Protoss - Winner!

Build Orders: 1 Gate Expand, Oracle Opening 

Get SALT Encoding   

  12  0:00  Probe  
  13  0:12  Probe  
  14  0:17  Pylon  
  14  0:24  Probe  
  15  0:32  Probe  
  15  0:37  Gateway  
  15  0:40  Probe  
  16  0:45  Assimilator  
  17  0:51  Probe  
  18  1:00  Probe  
  19  1:08  Probe  
  20  1:22  Nexus  
  20  1:33  Cybernetics Core  
  20  1:36  Probe  
  21  1:43  Assimilator  
  21  1:48  Probe  
  21  1:53  Pylon  
  22  2:00  Probe  
  23  2:02  Adept  
  23  2:09  Warp Gate  
  23  2:12  Probe  
  26  2:24  Probe  
  27  2:30  Adept  
  27  2:31  Stargate  
  27  2:32  Probe  
  30  2:37  Probe  
  30  2:40  Probe  
  31  2:49  Probe  
  31  2:51  Probe  
  33  2:57  Adept  
  36  3:01  Probe  
  36  3:03  Probe  
  36  3:05  Oracle  
  38  3:13  Probe  
  38  3:15  Probe  
  43  3:25  Adept  
  45  3:29  Pylon  
  45  3:30  Probe  
  45  3:32  Pylon  
  46  3:42  Gateway  
  46  3:47  Probe x2  
  48  3:49  Oracle  
  51  3:59  Probe x2  
  53  4:04  Shield Battery  
  53  4:09  Assimilator  
  53  4:10  Gateway  
  53  4:11  Probe x2  
  53  4:16  Robotics Facility  
  55  4:21  Assimilator  
  55  4:24  Probe x2  
  57  4:27  Oracle  
  60  4:36  Probe  
  60  4:37  Probe  
  62  4:50  Pylon x2  
  62  4:52  Pylon  
  62  5:07  Immortal  
  62  5:08  Probe x2  
  62  5:09  Sentry  
  62  5:12  Twilight Council, Forge  
  70  5:16  Adept  
  74  5:23  Pylon  
  74  5:27  Adept  
  74  5:32  Adept  
  76  5:36  Protoss Ground Weapons Level 1  
  76  5:37  Immortal  
  76  5:39  Adept  
  76  5:41  Resonating Glaives  
  78  5:49  Adept  
  83  6:00  Adept x2  
  83  6:02  Probe  
  88  6:06  Warp Prism  
  88  6:09  Probe  
  85  6:11  Nexus  
  85  6:16  Sentry  
  89  6:20  Pylon  
  89  6:37  Gateway x2  
  89  6:38  Gateway  
  89  6:39  Gateway  
  89  6:40  Sentry x3  
  89  6:44  Observer  
  89  6:45  Probe x2  
  97  6:48  Photon Cannon  
  98  6:54  Pylon  
  98  6:55  Pylon  
  98  7:03  Robotics Bay  
  98  7:07  Adept x2  
  100  7:35  Adept x6  
  100  7:41  Adept x7  
  100  7:43  Probe x2  
  100  7:44  Probe  
  97  7:55  Probe x2  
  99  7:59  Colossus  
  101  8:06  Adept x7  
  112  8:25  Probe x2  
  114  8:34  Probe  
  115  8:37  Probe x2  
  117  8:46  Stalker x6  
  129  8:49  Probe x2  
  129  8:52  Warp Prism  
  133  9:03  Pylon  
  133  9:04  Pylon  
  133  9:06  Pylon  
  133  9:08  Pylon  
  133  9:10  Pylon, Photon Cannon  
  133  9:12  Photon Cannon, Shield Battery  
  130  9:40  Stalker x3  
  130  9:41  Stalker x4  
  130  9:44  Probe  
  147  9:57  Nexus, Pylon  
Tags
 
Add a new tag
Caveats
  • Supply blocks, unpowered buildings, or Contaminate may cause inaccurate times.
  • Supply counts are checked every 10 seconds.